AoeStats
← ecerva.27

Arabia

509219566Analyzed
1v1 RM · 6d ago on Sep 25, 2026· 54m 44s· 2 players
Game mode
Random Map
Map size
Tiny (2 player)
Population
200
Speed
Normal
Resources
Standard
Victory
Conquest
Starting age
Dark Age
Ending age
Imperial Age
RankedLock teamsTeams togetherTeam positionsShared explorationLock speedFull tech treeHidden civsTurbo modeCheats
Victory
Defeat
🇲🇽 Bulgarians · Mexico
1184
+17
🇨🇿 Khmer · Czechia
1216
-17
ecerva.27
5:34 Loom
5:37 Loom
9:30 Feudal Age
17:08 Wheelbarrow
17:28 Double-Bit Axe
22:02 Castle Age
22:08 Forging
22:08 Arson
22:07 Pikeman
22:33 Gambesons
22:48 Squires
24:47 Iron Casting
26:28 Scale Barding Armor
26:26 Scale Mail Armor
27:32 Chain Mail Armor
29:47 Fletching
48:29 Imperial Age
46:22 Hand Cart
46:31 Bow Saw
50:14 Plate Mail Armor
50:45 Blast Furnace
49:09 Halberdier
51:59 Conscription
51:57 Scale Barding Armor
53:11 Bagains
53:35 Horse Collar
54:44 Stirrups
fruky
6:13 Loom
9:02 Feudal Age
15:18 Bloodlines
17:38 Stone Mining
20:17 Castle Age
20:31 Scale Barding Armor
20:36 Forging
20:27 Gold Mining
20:59 Husbandry
27:42 Chain Barding Armor
34:54 Iron Casting
36:23 Fletching
40:53 Bodkin Arrow
40:42 Horse Collar
45:54 Wheelbarrow
45:06 Town Watch
51:15 Heavy Plow
51:04 Double-Bit Axe
55:08 Imperial Age
53:18 Padded Archer Armor
Connection lost

Rejoining the realm…

Still unreachable

The connection could not be restored.

Session expired

The server has moved on; the page needs a fresh start.